 Dungeon Crawl Stone Soup version 0.29.0-15-g675c0067aa (webtiles) character file.

Game seed: 12326932246665096524

143428 qw the Warrior (level 16, 0/159 (160) HPs)
             Began as a Minotaur Berserker on Sept 11, 2022.
             Was an Elder of Trog.
             Hit by a silver javelin thrown by a merfolk javelineer (4 damage)
             ... on level 2 of the Shoals.
             The game lasted 00:10:18 (27668 turns).

qw the Warrior (Minotaur Berserker)                Turns: 27668, Time: 00:10:18

HP:   0/159 (160)   AC: 21    Str: 37    XL:     16   Next: 82%
MP:   15/15         EV:  7    Int:  9    God:    Trog [****..]
Gold: 2402          SH: 31    Dex: 11    Spells: 15/15 levels left

rFire   + . .      SeeInvis .   g - +3 broad axe (flame)
rCold   . . .      Faith    .   A - +18 shield of the Gong {rElec rN+ Will+ EV-5}
rNeg    + . .      Spirit   .   w - +1 chain mail {rPois}
rPois   +          Reflect  .   (helmet restricted)
rElec   +          Harm     .   b - +2 cloak
rCorr   .          Rampage  .   (no gloves)
Will    ++++.                   d - +2 pair of boots
Stlth   ..........              p - amulet of regeneration
HPRegen 1.16/turn               u - ring "Uhenibeu" {Will++ Str+6 Dex+2}
MPRegen 0.14/turn               z - ring "Vecvibim" {rF+ Int+5}

@: about to teleport, on berserk cooldown, slowed, lightly drained, very slow
A: horns 2, retaliatory headbutt
a: Renounce Religion, Berserk, Trog's Hand, Brothers in Arms


You were on level 2 of the Shoals.
You worshipped Trog.
Trog was greatly pleased with you.
You visited 4 branches of the dungeon, and saw 24 of its levels.

You collected 2790 gold pieces.
You spent 388 gold pieces at shops.


Innate Abilities, Weirdness & Mutations

You have a pair of horns on your head.
You reflexively headbutt those who attack you in melee.


   Skills:
 + Level 19.3 Fighting
 - Level 18.0 Axes
 - Level 9.0 Throwing
 - Level 14.0 Armour
 - Level 10.0 Dodging
 - Level 17.0 Shields


You had 15 spell levels left.
You didn't know any spells.
Your spell library was empty.

Inventory:

Hand Weapons
 g - a +3 broad axe of flaming (weapon)
Missiles
 h - 10 boomerangs
 t - 7 javelins (quivered)
Armour
 b - a +2 cloak (worn)
 d - a +2 pair of boots (worn)
 n - a +0 plate armour
 w - a +1 chain mail of poison resistance (worn)
 A - the +18 shield of the Gong (worn) {rElec rN+ Will+ EV-5}
   (You found it on level 14 of the Dungeon)

   It is deafeningly noisy when blocking attacks.
   EV:        It affects your evasion (-5).
   rElec:     It insulates you from electricity.
   rN:        It protects you from negative energy.
   Will:      It increases your willpower.
Jewellery
 a - a ring of positive energy
 k - a ring of fire
 o - a ring of poison resistance
 p - an amulet of regeneration (around neck)
 q - a ring of willpower
 u - the ring "Uhenibeu" (left hand) {Will++ Str+6 Dex+2}
   (You found it on level 5 of the Lair of Beasts)

   [ring of strength]

   Str:       It affects your strength (+6).
   Dex:       It affects your dexterity (+2).
   Will:      It greatly increases your willpower.
 x - a ring of protection from cold
 z - the ring "Vecvibim" (right hand) {rF+ Int+5}
   (You acquired it on level 14 of the Dungeon)

   [ring of protection from fire]

   Int:       It affects your intelligence (+5).
   rF:        It protects you from fire.
 Y - a ring of see invisible
Scrolls
 i - 17 scrolls of identify
Potions
 c - 12 potions of haste
 e - 8 potions of mutation
 f - 11 potions of curing
 l - a potion of resistance
 m - 8 potions of might
 r - a potion of cancellation

Dungeon Overview and Level Annotations

Branches:
Dungeon (15/15)            Temple (0/1) D:6            Lair (5/5) D:11
 Shoals (2/4) Lair:2        Snake (0/4) Lair:2        Slime (0/5) Lair:4
    Orc (2/2) D:11            Elf (0/3) Orc:2        Vaults (0/5) D:14
 Depths (0/4) D:15

Altars:
Cheibriados
Dithmenos
Elyvilon
Fedhas
Hepliaklqana
Kikubaaqudgha
Makhleb
Nemelex Xobeh
Okawaru
Qazlal
Sif Muna
Trog
Wu Jian
Xom
Zin
Lugonu

Shops:
Orc:2 !?:(

Annotations:
D:2 Natasha
D:7 2 transporters
Lair:5 3 runed translucent doors, qw's ghost, journeyman TrCA


Message History

Trog accepts your kill. You block the snapping turtle's attack.
BOUMMMMG!
You block the merfolk's attack.
GONNNNG!
The merfolk javelineer throws a silver javelin.
The silver javelin pierces through you!
You hear a shout! x2
You slash the merfolk javelineer! You burn the merfolk javelineer.
You headbutt the merfolk javelineer!!
The merfolk javelineer is heavily wounded.
You slice the merfolk impaler!! You burn the merfolk impaler!
You are no longer berserk.
You are exhausted.
You feel yourself slow down. You block the snapping turtle's attack.
GONNNNG!
You block the snapping turtle's attack.
GONNNNG!
The merfolk impaler hits you with a +2 demon trident of draining.
You partially resist.
You feel drained.
The merfolk hits you but does no damage.
You hear an angry hiss.
27668 ||| READING scroll of teleportation.
As you read the scroll of teleportation, it crumbles to dust.
You feel strangely unstable.
The merfolk javelineer throws a silver javelin.
The silver javelin pierces through you. You block the merfolk impaler's attack.
GONNNNG!
You block the snapping turtle's attack.
GONNNNG!
You block the snapping turtle's attack.
SHROANNG!
The merfolk siren chants a haunting song.
You resist with almost no effort.
The merfolk hits you but does no damage.
You block the merfolk impaler's attack.
BOUMMMMG!
The merfolk javelineer throws a silver javelin.
The silver javelin pierces through you.
You die...

~~~~~~~~~~~~~~~~
~~~~~~~~~~~~~~~~~
~~~~~~~~~~~~~~~~~
~~~~~~~~~~~~~~~~~~~~~
~~~~~~~~~~~~~~~~~~~~~
~~~~~~~~~~~~..~~~~~~~
~~~~~....~~~......~~~
~~~~..#%.~~.......~~~
~~~~. ##@~%.......~..
~~~. ##mmt.........~
~~~ #Smmt.........~
~~ #mm~~.)........ .
#.m<~~##.......
#.~~~~)....##..
.......%......# .
>~..............#
~~....<..~~~......


You could see a merfolk impaler, a merfolk javelineer, a sea snake, 2 snapping
turtles, 3 merfolk, a merfolk siren and a water nymph.

Vanquished Creatures
  Rupert (Lair:3)
  Mlioglotl (Shoals:1)
  Gastronok (Lair:2)
  2 dire elephants (Lair:5)
  Snorg (D:10)
  An ettin (Orc:2)
  Josephine (D:10)
  Fannar (Lair:1)
  5 merfolk impalers (Shoals:1)
  7 hydras
  3 boulder beetles
  Harold (D:10)
  An alligator snapping turtle (Shoals:2)
  2 vault guards (D:14)
  3 ogre magi (Orc:2)
  Erica (D:10)
  3 centaur warriors
  2 merfolk avatars (Shoals:1)
  A catoblepas (D:12)
  21 two-headed ogres
  4 merfolk aquamancers
  A tengu warrior (D:11)
  Urug (D:10)
  11 death yaks
  3 spectral death yaks (Lair:5)
  8 skeletal warriors (D:12)
  A spectral anaconda (Lair:5)
  An obsidian statue (Lair:5)
  13 sea snakes
  4 wizards
  4 harpies (Shoals:1)
  3 deep elf pyromancers
  7 necromancers
  An orc knight (D:11)
  7 manticores
  17 ugly things
  A wolf spider (D:14)
  2 orc sorcerers (D:15)
  5 cyclopes
  16 elephants
  A merfolk siren (Shoals:2)
  A centaur zombie (D:15)
  A salamander (shapeshifter) (D:11)
  4 black mambas
  Maurice (D:10)
  A dire elephant skeleton (Lair:5)
  2 vault sentinels (D:14)
  A gargoyle (D:12)
  12 cane toads
  2 centaur skeletons (D:15)
  Maggie (D:7)
  A rime drake (shapeshifter) (D:14)
  A kobold demonologist (D:11)
  2 rime drakes
  4 unseen horrors
  5 komodo dragons
  A freezing wraith (D:15)
  An efreet (D:11)
  A tengu conjurer (D:11)
  7 trolls
  A yaktaur (shapeshifter) (D:14)
  7 meliai
  2 polar bears (Lair:5)
  9 merfolk
  2 wind drakes
  9 blink frogs (Lair:4)
  2 snapping turtles (Shoals:1)
  15 dream sheep
  A spectral elephant (Lair:5)
  A meliai zombie (D:15)
  13 slime creatures
  A vampire (D:11)
  3 wyverns
  6 water elementals
  2 shadows
  29 yaks
  11 wraiths
  3 basilisks
  A hog (shapeshifter) (D:15)
  19 humans (D:14)
  A steam dragon (D:8)
  A redback (shapeshifter) (D:15)
  A death yak simulacrum (Lair:5)
  3 vampire mosquitoes (D:11)
  5 acid dragons
  4 nagas (Lair:2)
  A swamp worm (shapeshifter) (D:15)
  2 wargs (Orc:1)
  10 water moccasins
  A swamp drake (D:11)
  18 orc warriors
  3 ice beasts (D:6)
  4 black bears
  25 ogres
  6 centaurs
  4 boggarts (D:15)
  3 elephant skeletons (Lair:5)
  2 phantoms
  A kobold brigand (D:8)
  A necrophage (D:5)
  7 bullfrogs
  3 gnoll sergeants
  4 cane toad simulacra (Lair:5)
  2 scorpions (D:5)
  5 wights (D:10)
  2 elephant simulacra (Lair:5)
  10 killer bees (D:8)
  An electric eel (Lair:5)
  4 howler monkeys
  4 jellies
  A gnoll bouda (D:5)
  3 hounds
  12 orc priests
  Jessica (D:3)
  2 iguanas
  Terence (D:2)
  19 orc wizards
  Natasha (D:2)
  A boggart skeleton (D:15)
  5 adders
  23 gnolls
  8 river rats (D:7)
  A shadow imp (D:6)
  12 white imps (D:11)
  2 worms
  80 orcs
  3 ball pythons
  8 endoplasms
  3 giant cockroaches
  12 goblins
  6 hobgoblins
  13 kobolds
  2 quokkas
  6 bats
  7 frilled lizards
  21 rats
747 creatures vanquished.

Vanquished Creatures (collateral kills)
  An ogre mage (Orc:2)
  A merfolk aquamancer (Shoals:1)
  A merfolk avatar (Shoals:1)
  A death knight (D:15)
  2 two-headed ogres (Orc:2)
  2 death yaks (Lair:4)
  A skeletal warrior (D:15)
  A sea snake (Shoals:1)
  An efreet (D:15)
  2 wind drakes (Shoals:1)
  A basilisk (shapeshifter) (D:15)
  3 orc warriors (Orc:2)
  4 ogres (Orc:2)
  3 orc priests (Orc:2)
  An orc wizard (Orc:2)
  3 orcs (Orc:2)
28 creatures vanquished.

Vanquished Creatures (others)
  Nessos (Lair:4)
  8 fungi
  60 plants
  19 withered plants (Lair:5)
88 creatures vanquished.

Grand Total: 863 creatures vanquished

Notes
Turn   | Place    | Note
-------+----------+-------------------------------------------
     0 | D:1      | qw the Minotaur Berserker began the quest for the Orb.
     0 | D:1      | Reached XP level 1. HP: 19/19 MP: 0/0
     0 | D:1      | 0 ||| qw: Version: 0.1-a-119-g272c26d
     0 | D:1      | 0 ||| qw: Game counter: 10725
     0 | D:1      | 0 ||| qw: Always use a shield: true
     0 | D:1      | 0 ||| qw: Do Orc after D:15 true
     0 | D:1      | 0 ||| qw: Do second Lair branch before Depths: true
     0 | D:1      | 0 ||| qw: Lair rune preference: random
     0 | D:1      | 0 ||| qw: Plans: Normal
     0 | D:1      | 0 ||| PLANNING D:1-11
    10 | D:1      | 10 ||| Stepping ~*~*~tactically~*~*~ (stealth).
    15 | D:1      | 15 ||| Stepping ~*~*~tactically~*~*~ (stealth).
    19 | D:1      | 19 ||| Stepping ~*~*~tactically~*~*~ (stealth).
    22 | D:1      | 22 ||| Stepping ~*~*~tactically~*~*~ (stealth).
    96 | D:1      | 96 ||| Stepping ~*~*~tactically~*~*~ (stealth).
    97 | D:1      | 97 ||| Stepping ~*~*~tactically~*~*~ (stealth).
   129 | D:1      | 129 ||| Stepping ~*~*~tactically~*~*~ (stealth).
   191 | D:1      | 191 ||| SWAPPING to +0 war axe.
   192 | D:1      | 192 ||| DROPPING +0 hand axe.
   219 | D:1      | Reached XP level 2. HP: 26/26 MP: 1/1
   366 | D:1      | 366 ||| Stepping ~*~*~tactically~*~*~ (stealth).
   367 | D:1      | 367 ||| Stepping ~*~*~tactically~*~*~ (stealth).
   368 | D:1      | 368 ||| Stepping ~*~*~tactically~*~*~ (stealth).
   423 | D:1      | Found a faded altar of an unknown god.
   574 | D:1      | 574 ||| DROPPING +0 club.
   579 | D:1      | 579 ||| Stepping ~*~*~tactically~*~*~ (stealth).
   580 | D:1      | 580 ||| Stepping ~*~*~tactically~*~*~ (stealth).
   918 | D:1      | 918 ||| UPGRADING to +0 ring mail.
   928 | D:1      | 928 ||| DROPPING +0 animal skin.
   929 | D:1      | 929 ||| UPGRADING to +0 pair of boots.
   934 | D:1      | 934 ||| READING scroll labelled MEQEESM SATUJ.
   935 | D:1      | 935 ||| READING scroll labelled QALAMM COXUYRASCH.
  1036 | D:1      | 1036 ||| READING scroll labelled DIABEC IDOONACOO.
  1037 | D:1      | 1037 ||| READING 2 scrolls labelled ALOFUO UM WEOX.
  1038 | D:1      | 1038 ||| READING scroll labelled HEVAROTADDU.
  1039 | D:1      | 1039 ||| DRINKING 3 fizzy cyan potions.
  1191 | D:2      | Reached XP level 3. HP: 31/31 MP: 2/2
  1197 | D:2      | 1197 ||| Stepping ~*~*~tactically~*~*~ (hiding).
  1200 | D:2      | 1200 ||| INVOKING Berserk.
  1201 | D:2      | Noticed Natasha
  1207 | D:2      | Killed Natasha
  1207 | D:2      | Reached ** piety under Trog
  1208 | D:2      | Reached skill level 6 in Axes
  1208 | D:2      | Reached XP level 4. HP: 39/39 MP: 3/3
  1267 | D:2      | Identified the +1 whip of the Five Hells {elec, rF+ rC+}
  1269 | D:2      | 1269 ||| DROPPING +0 whip.
  1303 | D:2      | Noticed Terence
  1307 | D:2      | 1307 ||| INVOKING Berserk.
  1312 | D:2      | Killed Terence
  1522 | D:2      | Noticed Natasha
  1747 | D:2      | 1747 ||| UPGRADING to +0 chain mail.
  1757 | D:2      | 1757 ||| DROPPING +0 ring mail.
  1758 | D:2      | 1758 ||| READING scroll labelled YRINAL UGAEHAEGHET.
  1759 | D:2      | 1759 ||| READING scroll labelled XIKKAWYISH.
  1760 | D:2      | 1760 ||| READING scroll labelled MILONN HOKA.
  1761 | D:2      | 1761 ||| DRINKING 2 grey potions.
  1762 | D:2      | 1762 ||| READING 2 scrolls of identify.
  1762 | D:2      | 1762 ||| IDENTIFYING amethyst potion
  1763 | D:2      | 1763 ||| DROPPING potion of attraction.
  1764 | D:2      | 1764 ||| Stepping randomly (stuck).
  1765 | D:2      | 1765 ||| Stepping ~*~*~tactically~*~*~ (cloud).
  1908 | D:3      | Noticed a black bear
  1912 | D:3      | 1912 ||| INVOKING Berserk.
  1915 | D:3      | Killed a black bear
  1916 | D:3      | Reached XP level 5. HP: 45/45 MP: 4/4
  1916 | D:3      | 1916 ||| STAIRDANCE
  2008 | D:2      | 2008 ||| Stepping ~*~*~tactically~*~*~ (stealth).
  2086 | D:3      | 2086 ||| Stepping ~*~*~tactically~*~*~ (stealth).
  2100 | D:3      | 2100 ||| Stepping ~*~*~tactically~*~*~ (stealth).
  2166 | D:3      | Noticed a water moccasin
  2175 | D:3      | 2175 ||| INVOKING Berserk.
  2176 | D:3      | 2176 ||| INVOKING Berserk.
  2177 | D:3      | Killed a water moccasin
  2178 | D:3      | Reached XP level 6. HP: 24/51 MP: 5/5
  2179 | D:3      | HP: 19/76 [frozen (2)]
  2184 | D:3      | HP: 10/51 [poisoned by a water moccasin]
  2495 | D:3      | Found an ornate altar of the Wu Jian Council.
  2503 | D:3      | Noticed Jessica
  2504 | D:3      | 2504 ||| Stepping ~*~*~tactically~*~*~ (hiding).
  2509 | D:3      | Killed Jessica
  2510 | D:3      | Reached skill level 4 in Fighting
  2975 | D:3      | 2975 ||| READING 2 scrolls labelled ZUCZERGH TOREWN.
  2976 | D:3      | 2976 ||| READING scroll of enchant weapon.
  2976 | D:3      | 2976 ||| ENCHANTING +1 war axe.
  2977 | D:3      | 2977 ||| READING scroll labelled AGIFFU MUTEFE.
  3027 | D:4      | 3027 ||| Stepping ~*~*~tactically~*~*~ (stealth).
  3032 | D:4      | 3032 ||| Stepping ~*~*~tactically~*~*~ (stealth).
  3033 | D:4      | 3033 ||| INVOKING Berserk.
  3298 | D:4      | 3298 ||| Stepping ~*~*~tactically~*~*~ (stealth).
  3311 | D:4      | Reached XP level 7. HP: 43/59 MP: 6/6
  3420 | D:4      | 3420 ||| Stepping ~*~*~tactically~*~*~ (hiding).
  3427 | D:4      | Reached skill level 9 in Axes
  3430 | D:4      | 3430 ||| Stepping ~*~*~tactically~*~*~ (stealth).
  3431 | D:4      | 3431 ||| Stepping ~*~*~tactically~*~*~ (stealth).
  3482 | D:4      | Found a hazy altar of Hepliaklqana.
  3510 | D:4      | 3510 ||| Stepping ~*~*~tactically~*~*~ (stealth).
  3686 | D:4      | Reached skill level 3 in Armour
  3894 | D:4      | 3894 ||| READING 3 scrolls labelled EPOYSI KOBLU.
  3895 | D:4      | 3895 ||| DRINKING 2 yellow potions.
  3896 | D:4      | 3896 ||| DROPPING 2 scrolls of blinking.
  3923 | D:5      | Entered Level 5 of the Dungeon
  3943 | D:5      | 3943 ||| INVOKING Berserk.
  4103 | D:5      | 4103 ||| INVOKING Berserk.
  4113 | D:5      | Reached skill level 5 in Fighting
  4316 | D:5      | 4316 ||| Stepping ~*~*~tactically~*~*~ (stealth).
  4318 | D:5      | 4318 ||| Stepping ~*~*~tactically~*~*~ (hiding).
  4328 | D:5      | 4328 ||| INVOKING Berserk.
  4339 | D:5      | 4339 ||| Stepping ~*~*~tactically~*~*~ (stealth).
  4395 | D:5      | 4395 ||| Stepping ~*~*~tactically~*~*~ (stealth).
  4398 | D:5      | 4398 ||| INVOKING Berserk.
  4409 | D:5      | Reached XP level 8. HP: 42/68 MP: 7/7
  4413 | D:5      | HP: 17/69 [gnoll/+0 halberd[a gnoll bouda] (3)]
  4675 | D:5      | Found a bloodstained altar of Trog.
  4681 | D:5      | Found a sparkling altar of Nemelex Xobeh.
  4685 | D:5      | Found a snail-covered altar of Cheibriados.
  4686 | D:5      | Found a white marble altar of Elyvilon.
  4687 | D:5      | Found a blossoming altar of Fedhas.
  4687 | D:5      | Found a burning altar of Makhleb.
  4689 | D:5      | Found a shimmering altar of Xom.
  4690 | D:5      | Found an ancient bone altar of Kikubaaqudgha.
  4723 | D:5      | 4723 ||| INVOKING Berserk.
  4990 | D:5      | 4990 ||| UPGRADING to +2 cloak.
  4995 | D:5      | 4995 ||| READING scroll labelled RYUDWACW ANUIXT.
  5157 | D:5      | 5157 ||| DRINKING 2 puce potions.
  5258 | D:5      | 5258 ||| READING 3 scrolls of identify.
  5258 | D:5      | 5258 ||| IDENTIFYING white potion
  5259 | D:5      | 5259 ||| READING 2 scrolls of identify.
  5259 | D:5      | 5259 ||| IDENTIFYING purple potion
  5260 | D:5      | 5260 ||| DROPPING potion of invisibility.
  5261 | D:5      | 5261 ||| DROPPING potion of ambrosia.
  5287 | D:6      | Found a staircase to the Ecumenical Temple.
  5339 | D:6      | Found an iron altar of Okawaru.
  5377 | D:6      | 5377 ||| Stepping ~*~*~tactically~*~*~ (hiding).
  5379 | D:6      | 5379 ||| Stepping ~*~*~tactically~*~*~ (hiding).
  5380 | D:6      | 5380 ||| Stepping ~*~*~tactically~*~*~ (hiding).
  5381 | D:6      | 5381 ||| Stepping ~*~*~tactically~*~*~ (hiding).
  5478 | D:6      | 5478 ||| Stepping ~*~*~tactically~*~*~ (stealth).
  5479 | D:6      | 5479 ||| Stepping ~*~*~tactically~*~*~ (stealth).
  5493 | D:6      | 5493 ||| Stepping ~*~*~tactically~*~*~ (stealth).
  5496 | D:6      | 5496 ||| Stepping ~*~*~tactically~*~*~ (stealth).
  5501 | D:6      | 5501 ||| Stepping ~*~*~tactically~*~*~ (stealth).
  5503 | D:6      | 5503 ||| Stepping ~*~*~tactically~*~*~ (hiding).
  5507 | D:6      | 5507 ||| INVOKING Berserk.
  5511 | D:6      | Reached skill level 6 in Fighting
  6028 | D:6      | 6028 ||| READING scroll of enchant weapon.
  6028 | D:6      | 6028 ||| ENCHANTING +2 war axe.
  6112 | D:6      | Reached *** piety under Trog
  6155 | D:6      | 6155 ||| Stepping ~*~*~tactically~*~*~ (stealth).
  6417 | D:6      | 6417 ||| UPGRADING to +0 plate armour.
  6427 | D:6      | 6427 ||| DROPPING +0 chain mail.
  6428 | D:6      | 6428 ||| READING scroll labelled SIPPUCKY GIVEO.
  6429 | D:6      | 6429 ||| READING scroll labelled BEIPYONUUM.
  6430 | D:6      | 6430 ||| DROPPING +0 flail.
  6431 | D:6      | 6431 ||| DROPPING +1 whip of the Five Hells {elec, rF+
                  | rC+}.
  6432 | D:6      | 6432 ||| READING scroll labelled KISYSU IHIA.
  6433 | D:6      | 6433 ||| DRINKING 2 inky potions.
  6434 | D:6      | 6434 ||| READING 2 scrolls of identify.
  6434 | D:6      | 6434 ||| IDENTIFYING bubbling ruby potion
  6435 | D:6      | 6435 ||| DROPPING potion of magic.
  6473 | D:7      | 6473 ||| Stepping ~*~*~tactically~*~*~ (hiding).
  6474 | D:7      | 6474 ||| Stepping ~*~*~tactically~*~*~ (hiding).
  6477 | D:7      | 6477 ||| Stepping ~*~*~tactically~*~*~ (hiding).
  6478 | D:7      | 6478 ||| Stepping ~*~*~tactically~*~*~ (hiding).
  6479 | D:7      | 6479 ||| Stepping ~*~*~tactically~*~*~ (hiding).
  6583 | D:7      | 6583 ||| INVOKING Berserk.
  6589 | D:7      | Reached skill level 12 in Axes
  6589 | D:7      | Reached XP level 9. HP: 36/78 MP: 8/8
  6593 | D:7      | HP: 17/78 [something/puff of flame (3)]
  6594 | D:7      | 6594 ||| DRINKING 3 potions of curing.
  6594 | D:7      | 6594 ||| (to cure confusion)
  6856 | D:7      | 6856 ||| INVOKING Berserk.
  6859 | D:7      | Reached skill level 7 in Fighting
  7027 | D:7      | Noticed Maggie
  7028 | D:7      | 7028 ||| Stepping ~*~*~tactically~*~*~ (hiding).
  7029 | D:7      | 7029 ||| Stepping ~*~*~tactically~*~*~ (hiding).
  7037 | D:7      | Killed Maggie
  7038 | D:7      | Reached skill level 6 in Armour
  7148 | D:7      | Found a transporter.
  7166 | D:7      | Noticed a purple ugly thing
  7167 | D:7      | Noticed a purple ugly thing
  7167 | D:7      | Noticed an ancient zyme
  7168 | D:7      | Found a corrupted altar of Lugonu.
  7197 | D:7      | Found a transporter.
  7214 | D:7      | 7214 ||| Stepping ~*~*~tactically~*~*~ (hiding).
  7865 | D:7      | Found a stormy altar of Qazlal.
  7871 | D:7      | 7871 ||| UPGRADING to ring of positive energy.
  7872 | D:7      | 7872 ||| READING 2 scrolls of identify.
  7872 | D:7      | 7872 ||| IDENTIFYING metallic golden potion
  7873 | D:7      | 7873 ||| DROPPING potion of berserk rage.
  7894 | D:7      | Noticed a brown ugly thing
  7916 | D:8      | 7916 ||| Stepping ~*~*~tactically~*~*~ (hiding).
  7918 | D:8      | 7918 ||| Stepping ~*~*~tactically~*~*~ (hiding).
  7919 | D:8      | 7919 ||| INVOKING Berserk.
  8058 | D:8      | Reached **** piety under Trog
  8061 | D:8      | 8061 ||| INVOKING Berserk.
  8203 | D:8      | 8203 ||| Stepping ~*~*~tactically~*~*~ (stealth).
  8231 | D:8      | 8231 ||| Stepping ~*~*~tactically~*~*~ (stealth).
  8234 | D:8      | 8234 ||| Stepping ~*~*~tactically~*~*~ (stealth).
  8395 | D:8      | Reached skill level 8 in Fighting
  8396 | D:8      | 8396 ||| INVOKING Berserk.
  8541 | D:8      | 8541 ||| Stepping ~*~*~tactically~*~*~ (hiding).
  8542 | D:8      | 8542 ||| Stepping ~*~*~tactically~*~*~ (hiding).
  8546 | D:8      | 8546 ||| INVOKING Berserk.
  8872 | D:8      | 8872 ||| READING 3 scrolls of identify.
  8872 | D:8      | 8872 ||| IDENTIFYING bubbling dark potion
  8873 | D:8      | 8873 ||| READING 2 scrolls of identify.
  8873 | D:8      | 8873 ||| IDENTIFYING fizzy white potion
  8874 | D:8      | 8874 ||| DROPPING potion of lignification.
  8906 | D:9      | 8906 ||| STAIRDANCE
  8974 | D:9      | 8974 ||| STAIRDANCE
  8980 | D:8      | 8980 ||| INVOKING Berserk.
  9177 | D:9      | 9177 ||| STAIRDANCE
  9620 | D:9      | 9620 ||| Stepping ~*~*~tactically~*~*~ (stealth).
  9625 | D:9      | 9625 ||| Stepping ~*~*~tactically~*~*~ (stealth).
  9627 | D:9      | Reached XP level 10. HP: 77/88 MP: 9/9
  9627 | D:9      | 9627 ||| FLEEEEING.
  9628 | D:9      | 9628 ||| FLEEEEING.
  9629 | D:9      | 9629 ||| FLEEEEING.
  9630 | D:9      | 9630 ||| FLEEEEING.
  9631 | D:9      | 9631 ||| FLEEEEING.
  9632 | D:9      | 9632 ||| FLEEEEING.
  9633 | D:9      | 9633 ||| FLEEEEING.
  9634 | D:9      | 9634 ||| FLEEEEING.
  9635 | D:9      | 9635 ||| FLEEEEING.
  9636 | D:9      | 9636 ||| FLEEEEING.
  9644 | D:9      | 9644 ||| FLEEEEING.
  9645 | D:9      | 9645 ||| FLEEEEING.
  9646 | D:9      | 9646 ||| FLEEEEING.
  9647 | D:9      | 9647 ||| FLEEEEING.
  9648 | D:9      | 9648 ||| FLEEEEING.
  9649 | D:9      | 9649 ||| FLEEEEING.
  9650 | D:9      | 9650 ||| FLEEEEING.
  9651 | D:9      | 9651 ||| FLEEEEING.
  9652 | D:9      | 9652 ||| FLEEEEING.
  9653 | D:9      | 9653 ||| FLEEEEING.
  9654 | D:9      | 9654 ||| FLEEEEING.
  9655 | D:9      | 9655 ||| FLEEEEING.
  9656 | D:9      | 9656 ||| FLEEEEING.
  9657 | D:9      | 9657 ||| FLEEEEING.
  9658 | D:9      | 9658 ||| FLEEEEING.
  9659 | D:9      | 9659 ||| FLEEEEING.
  9660 | D:9      | 9660 ||| FLEEEEING.
  9661 | D:9      | 9661 ||| FLEEEEING.
  9662 | D:9      | 9662 ||| FLEEEEING.
  9663 | D:9      | 9663 ||| FLEEEEING.
  9665 | D:9      | 9665 ||| FLEEEEING.
  9666 | D:9      | 9666 ||| FLEEEEING.
  9763 | D:9      | 9763 ||| INVOKING Berserk.
  9899 | D:9      | 9899 ||| Stepping ~*~*~tactically~*~*~ (hiding).
  9900 | D:9      | 9900 ||| Stepping ~*~*~tactically~*~*~ (hiding).
 10046 | D:9      | 10046 ||| Stepping ~*~*~tactically~*~*~ (hiding).
 10054 | D:9      | 10054 ||| Stepping ~*~*~tactically~*~*~ (hiding).
 10348 | D:9      | 10348 ||| Stepping ~*~*~tactically~*~*~ (stealth).
 10358 | D:9      | 10358 ||| Stepping ~*~*~tactically~*~*~ (stealth).
 10371 | D:9      | 10371 ||| Stepping ~*~*~tactically~*~*~ (stealth).
 10644 | D:9      | Found a glowing silver altar of Zin.
 10697 | D:9      | Noticed a two-headed ogre
 10698 | D:9      | 10698 ||| INVOKING Berserk.
 10700 | D:9      | Killed a two-headed ogre
 10701 | D:9      | Reached skill level 15 in Axes
 10982 | D:9      | 10982 ||| UPGRADING to amulet of regeneration.
 10987 | D:9      | 10987 ||| UPGRADING to ring of willpower.
 10988 | D:9      | 10988 ||| READING 2 scrolls of identify.
 10988 | D:9      | 10988 ||| IDENTIFYING fizzy inky potion
 10989 | D:9      | 10989 ||| DROPPING potion of flight.
 11022 | D:10     | Entered Level 10 of the Dungeon
 11024 | D:10     | 11024 ||| INVOKING Berserk.
 11035 | D:10     | Reached skill level 9 in Fighting
 11222 | D:10     | Noticed Maurice
 11227 | D:10     | 11227 ||| Stepping ~*~*~tactically~*~*~ (hiding).
 11230 | D:10     | 11230 ||| Stepping ~*~*~tactically~*~*~ (hiding).
 11236 | D:10     | Killed Maurice
 11374 | D:10     | Noticed Erica
 11375 | D:10     | 11375 ||| Stepping ~*~*~tactically~*~*~ (hiding).
 11378 | D:10     | 11378 ||| Stepping ~*~*~tactically~*~*~ (hiding).
 11392 | D:10     | Killed Erica
 11413 | D:10     | Noticed Harold
 11414 | D:10     | 11414 ||| Stepping ~*~*~tactically~*~*~ (hiding).
 11417 | D:10     | 11417 ||| INVOKING Berserk.
 11430 | D:10     | Killed Harold
 11444 | D:10     | Reached skill level 3 in Dodging
 11444 | D:10     | Reached XP level 11. HP: 45/97 MP: 10/10
 11446 | D:10     | 11446 ||| FLEEEEING.
 11447 | D:10     | 11447 ||| FLEEEEING.
 11448 | D:10     | 11448 ||| FLEEEEING.
 11449 | D:10     | 11449 ||| FLEEEEING.
 11450 | D:10     | 11450 ||| FLEEEEING.
 11451 | D:10     | 11451 ||| FLEEEEING.
 11452 | D:10     | 11452 ||| FLEEEEING.
 11453 | D:10     | 11453 ||| FLEEEEING.
 11454 | D:10     | 11454 ||| FLEEEEING.
 11455 | D:10     | 11455 ||| FLEEEEING.
 11456 | D:10     | 11456 ||| FLEEEEING.
 11457 | D:10     | 11457 ||| FLEEEEING.
 11458 | D:10     | 11458 ||| FLEEEEING.
 11459 | D:10     | 11459 ||| FLEEEEING.
 11460 | D:10     | 11460 ||| FLEEEEING.
 11461 | D:10     | 11461 ||| FLEEEEING.
 11462 | D:10     | 11462 ||| FLEEEEING.
 11463 | D:10     | 11463 ||| FLEEEEING.
 11464 | D:10     | 11464 ||| FLEEEEING.
 11465 | D:10     | 11465 ||| FLEEEEING.
 11466 | D:10     | 11466 ||| FLEEEEING.
 11467 | D:10     | 11467 ||| FLEEEEING.
 11468 | D:10     | 11468 ||| FLEEEEING.
 11469 | D:10     | 11469 ||| FLEEEEING.
 11470 | D:10     | 11470 ||| FLEEEEING.
 11471 | D:10     | 11471 ||| FLEEEEING.
 11472 | D:10     | 11472 ||| FLEEEEING.
 11473 | D:10     | 11473 ||| FLEEEEING.
 11474 | D:10     | 11474 ||| FLEEEEING.
 11475 | D:10     | 11475 ||| FLEEEEING.
 11476 | D:10     | 11476 ||| FLEEEEING.
 11477 | D:10     | 11477 ||| FLEEEEING.
 11478 | D:10     | 11478 ||| FLEEEEING.
 11479 | D:10     | 11479 ||| FLEEEEING.
 11480 | D:10     | 11480 ||| FLEEEEING.
 11481 | D:10     | 11481 ||| FLEEEEING.
 11482 | D:10     | 11482 ||| FLEEEEING.
 11483 | D:10     | 11483 ||| FLEEEEING.
 11484 | D:10     | 11484 ||| FLEEEEING.
 11632 | D:10     | 11632 ||| Stepping ~*~*~tactically~*~*~ (stealth).
 11636 | D:10     | 11636 ||| Stepping ~*~*~tactically~*~*~ (stealth).
 11656 | D:10     | Reached skill level 10 in Fighting
 11657 | D:10     | Reached skill level 9 in Armour
 11686 | D:10     | Noticed Snorg
 11688 | D:10     | 11688 ||| Stepping ~*~*~tactically~*~*~ (stealth).
 11690 | D:10     | 11690 ||| Stepping ~*~*~tactically~*~*~ (stealth).
 11691 | D:10     | 11691 ||| Stepping ~*~*~tactically~*~*~ (stealth).
 11694 | D:10     | 11694 ||| INVOKING Berserk.
 11697 | D:10     | Killed Snorg
 11697 | D:10     | Noticed Josephine
 11706 | D:10     | Reached skill level 11 in Fighting
 11714 | D:10     | Killed Josephine
 11726 | D:10     | 11726 ||| Stepping ~*~*~tactically~*~*~ (stealth).
 11974 | D:10     | Noticed Urug
 11975 | D:10     | 11975 ||| Stepping ~*~*~tactically~*~*~ (hiding).
 11980 | D:10     | 11980 ||| INVOKING Berserk.
 11988 | D:10     | Killed Urug
 12095 | D:10     | 12095 ||| UPGRADING to +0 buckler.
 12100 | D:10     | 12100 ||| DROPPING ring of ice.
 12101 | D:10     | 12101 ||| UPGRADING to ring of protection from cold.
 12155 | D:11     | Found a staircase to the Lair.
 12194 | D:11     | Reached skill level 1 in Shields
 12239 | D:11     | 12239 ||| Stepping ~*~*~tactically~*~*~ (hiding).
 12240 | D:11     | 12240 ||| Stepping ~*~*~tactically~*~*~ (hiding).
 12252 | D:11     | 12252 ||| Stepping ~*~*~tactically~*~*~ (stealth).
 12253 | D:11     | 12253 ||| Stepping ~*~*~tactically~*~*~ (stealth).
 12282 | D:11     | Found a snail-covered altar of Cheibriados.
 12282 | D:11     | Noticed a two-headed ogre
 12283 | D:11     | 12283 ||| Stepping ~*~*~tactically~*~*~ (hiding).
 12284 | D:11     | 12284 ||| INVOKING Berserk.
 12289 | D:11     | Killed a two-headed ogre
 12294 | D:11     | Reached skill level 3 in Throwing
 12319 | D:11     | Noticed a four-headed hydra
 12325 | D:11     | Killed a one-headed hydra
 12331 | D:11     | Reached skill level 6 in Shields
 12343 | D:11     | Noticed a two-headed ogre
 12345 | D:11     | 12345 ||| INVOKING Berserk.
 12348 | D:11     | Killed a two-headed ogre
 12388 | D:11     | Noticed a five-headed hydra
 12491 | D:11     | Found a shimmering blue altar of Sif Muna.
 12492 | D:11     | Found a white marble altar of Elyvilon.
 12492 | D:11     | Found a shadowy altar of Dithmenos.
 12518 | D:11     | 12518 ||| Stepping ~*~*~tactically~*~*~ (stealth).
 12519 | D:11     | 12519 ||| Stepping ~*~*~tactically~*~*~ (hiding).
 12521 | D:11     | 12521 ||| Stepping ~*~*~tactically~*~*~ (hiding).
 12528 | D:11     | 12528 ||| INVOKING Berserk.
 12669 | D:11     | 12669 ||| Stepping ~*~*~tactically~*~*~ (stealth).
 12670 | D:11     | 12670 ||| Stepping ~*~*~tactically~*~*~ (stealth).
 12689 | D:11     | 12689 ||| Stepping ~*~*~tactically~*~*~ (stealth).
 12692 | D:11     | 12692 ||| Stepping ~*~*~tactically~*~*~ (hiding).
 12694 | D:11     | 12694 ||| INVOKING Berserk.
 12696 | D:11     | Reached XP level 12. HP: 111/111 MP: 11/11
 12854 | D:11     | Noticed a tengu warrior
 12855 | D:11     | Noticed a centaur warrior
 12856 | D:11     | Noticed a five-headed hydra
 12858 | D:11     | 12858 ||| INVOKING Berserk.
 12867 | D:11     | Killed a tengu warrior
 12868 | D:11     | Reached skill level 12 in Fighting
 12870 | D:11     | Killed a one-headed hydra
 12882 | D:11     | Killed a centaur warrior
 12960 | D:11     | Identified the +3 trident of the Mauling Jester {holy, rC-
                  | Dex+4 Stlth+}
 12989 | D:11     | 12989 ||| Stepping ~*~*~tactically~*~*~ (hiding).
 12998 | D:11     | Reached ***** piety under Trog
 13019 | D:11     | Noticed a two-headed ogre
 13021 | D:11     | 13021 ||| Stepping ~*~*~tactically~*~*~ (stealth).
 13028 | D:11     | Killed a two-headed ogre
 13035 | D:11     | Reached skill level 13 in Fighting
 13035 | D:11     | 13035 ||| FLEEEEING.
 13036 | D:11     | 13036 ||| FLEEEEING.
 13038 | D:11     | 13038 ||| INVOKING Brothers in Arms.
 13039 | D:11     | 13039 ||| INVOKING Berserk.
 13168 | D:11     | Reached skill level 12 in Armour
 13225 | D:11     | 13225 ||| Stepping ~*~*~tactically~*~*~ (stealth).
 13226 | D:11     | 13226 ||| Stepping ~*~*~tactically~*~*~ (stealth).
 13228 | D:11     | 13228 ||| Stepping ~*~*~tactically~*~*~ (hiding).
 13284 | D:11     | 13284 ||| Stepping ~*~*~tactically~*~*~ (hiding).
 13290 | D:11     | 13290 ||| INVOKING Berserk.
 13481 | D:11     | 13481 ||| Stepping ~*~*~tactically~*~*~ (hiding).
 13536 | D:11     | 13536 ||| READING scroll of enchant weapon.
 13536 | D:11     | 13536 ||| ENCHANTING +3 war axe of flaming.
 13549 | D:11     | Found a staircase to the Orcish Mines.
 13555 | D:11     | 13555 ||| Stepping ~*~*~tactically~*~*~ (stealth).
 13556 | D:11     | 13556 ||| Stepping ~*~*~tactically~*~*~ (stealth).
 13558 | D:11     | 13558 ||| DRINKING 2 potions of resistance.
 13677 | D:11     | 13677 ||| Stepping ~*~*~tactically~*~*~ (hiding).
 13797 | D:11     | 13797 ||| INVOKING Berserk.
 13798 | D:11     | Killed a four-headed hydra
 13799 | D:11     | Reached skill level 6 in Throwing
 13969 | D:11     | 13969 ||| PLANNING LAIR
 13969 | D:11     | 13969 ||| UPGRADING to +1 buckler of reflection.
 13979 | D:11     | 13979 ||| DROPPING +0 buckler.
 13980 | D:11     | 13980 ||| DROPPING amulet of guardian spirit.
 13981 | D:11     | 13981 ||| DROPPING amulet of magic regeneration.
 14019 | Lair:1   | Entered Level 1 of the Lair of Beasts
 14119 | Lair:1   | Noticed Fannar
 14121 | Lair:1   | 14121 ||| Stepping ~*~*~tactically~*~*~ (hiding).
 14139 | Lair:1   | Killed Fannar
 14360 | Lair:1   | 14360 ||| INVOKING Berserk.
 14488 | Lair:1   | Noticed a five-headed hydra
 14492 | Lair:1   | 14492 ||| INVOKING Berserk.
 14493 | Lair:1   | Killed a four-headed hydra
 14494 | Lair:1   | Reached skill level 9 in Shields
 14641 | Lair:1   | 14641 ||| Stepping ~*~*~tactically~*~*~ (hiding).
 14657 | Lair:1   | Reached XP level 13. HP: 106/122 MP: 12/12
 14933 | Lair:1   | 14933 ||| READING scroll labelled SAUFIV HITHRU.
 15093 | Lair:2   | 15093 ||| INVOKING Berserk.
 15207 | Lair:2   | 15207 ||| Stepping ~*~*~tactically~*~*~ (hiding).
 15208 | Lair:2   | 15208 ||| Stepping ~*~*~tactically~*~*~ (hiding).
 15209 | Lair:2   | 15209 ||| Stepping ~*~*~tactically~*~*~ (stealth).
 15210 | Lair:2   | 15210 ||| Stepping ~*~*~tactically~*~*~ (hiding).
 15211 | Lair:2   | 15211 ||| Stepping ~*~*~tactically~*~*~ (hiding).
 15262 | Lair:2   | Found a staircase to the Snake Pit.
 15286 | Lair:2   | 15286 ||| INVOKING Brothers in Arms.
 15289 | Lair:2   | 15289 ||| INVOKING Berserk.
 15428 | Lair:2   | Reached skill level 14 in Fighting
 15467 | Lair:2   | Noticed Gastronok
 15475 | Lair:2   | 15475 ||| INVOKING Berserk.
 15480 | Lair:2   | Killed Gastronok
 15651 | Lair:2   | 15651 ||| READING scroll of enchant weapon.
 15651 | Lair:2   | 15651 ||| ENCHANTING +4 war axe of flaming.
 15735 | Lair:2   | 15735 ||| Stepping ~*~*~tactically~*~*~ (hiding).
 15736 | Lair:2   | 15736 ||| Stepping ~*~*~tactically~*~*~ (hiding).
 15740 | Lair:2   | 15740 ||| Stepping ~*~*~tactically~*~*~ (hiding).
 15930 | Lair:2   | Found a staircase to the Shoals.
 16265 | Lair:2   | 16265 ||| READING 7 scrolls of identify.
 16265 | Lair:2   | 16265 ||| IDENTIFYING pink potion
 16266 | Lair:2   | 16266 ||| DROPPING potion of brilliance.
 16501 | Lair:3   | 16501 ||| Stepping ~*~*~tactically~*~*~ (stealth).
 16589 | Lair:3   | 16589 ||| Stepping ~*~*~tactically~*~*~ (stealth).
 16594 | Lair:3   | 16594 ||| Stepping ~*~*~tactically~*~*~ (stealth).
 16599 | Lair:3   | 16599 ||| Stepping ~*~*~tactically~*~*~ (stealth).
 16731 | Lair:3   | Noticed Rupert
 16732 | Lair:3   | 16732 ||| INVOKING Trog's Hand.
 16733 | Lair:3   | 16733 ||| INVOKING Brothers in Arms.
 16736 | Lair:3   | 16736 ||| INVOKING Berserk.
 16739 | Lair:3   | Killed Rupert
 16740 | Lair:3   | Reached skill level 15 in Fighting
 17226 | Lair:3   | 17226 ||| UPGRADING to +1 chain mail of poison resistance.
 17236 | Lair:3   | 17236 ||| READING scroll labelled GEPUIH VAOTERR.
 17253 | Lair:4   | 17253 ||| INVOKING Brothers in Arms.
 17254 | Lair:4   | 17254 ||| INVOKING Berserk.
 17262 | Lair:4   | Reached skill level 6 in Dodging
 17391 | Lair:4   | 17391 ||| Stepping ~*~*~tactically~*~*~ (stealth).
 17392 | Lair:4   | 17392 ||| INVOKING Berserk.
 17592 | Lair:4   | 17592 ||| Stepping ~*~*~tactically~*~*~ (hiding).
 17676 | Lair:4   | Found a staircase to the Slime Pits.
 17729 | Lair:4   | Noticed Nessos
 17741 | Lair:4   | Killed Nessos
 17839 | Lair:4   | You fall into a shaft and drop 1 floor!
 17839 | Lair:5   | Entered Level 5 of the Lair of Beasts
 17840 | Lair:5   | 17840 ||| PLANNING GAUNTLET
 17862 | Lair:5   | 17862 ||| INVOKING Berserk.
 17876 | Lair:5   | 17876 ||| STAIRDANCE
 18008 | Lair:5   | Found a runed translucent gate.
 18008 | Lair:5   | Found a runed translucent gate.
 18008 | Lair:5   | Found a runed translucent gate.
 18011 | Lair:5   | Found the +8 whip "Snakebite" {venom, curare, rPois}
 18012 | Lair:5   | Noticed qw's ghost (journeyman TrCA)
 18120 | Lair:5   | Reached XP level 14. HP: 72/136 MP: 13/13
 18124 | Lair:5   | Reached skill level 16 in Fighting
 18156 | Lair:5   | 18156 ||| Stepping ~*~*~tactically~*~*~ (stealth).
 18210 | Lair:5   | 18210 ||| INVOKING Berserk.
 18230 | Lair:5   | Reached skill level 17 in Fighting
 18386 | Lair:5   | 18386 ||| RIP GAUNTLET
 18390 | Lair:5   | 18390 ||| PLANNING LAIR
 18757 | Lair:5   | 18757 ||| Stepping ~*~*~tactically~*~*~ (stealth).
 18758 | Lair:5   | 18758 ||| Stepping ~*~*~tactically~*~*~ (stealth).
 18801 | Lair:5   | 18801 ||| Stepping ~*~*~tactically~*~*~ (stealth).
 18880 | Lair:5   | 18880 ||| INVOKING Berserk.
 19082 | Lair:5   | Identified the +7 whip of Pyromania {protect, SInv}
 19232 | Lair:5   | 19232 ||| INVOKING Berserk.
 19392 | Lair:5   | Identified the ring "Uhenibeu" {Will++ Str+6 Dex+2}
 19416 | Lair:5   | 19416 ||| Stepping ~*~*~tactically~*~*~ (hiding).
 19421 | Lair:5   | 19421 ||| INVOKING Brothers in Arms.
 19430 | Lair:5   | 19430 ||| INVOKING Berserk.
 19632 | Lair:5   | 19632 ||| Stepping ~*~*~tactically~*~*~ (stealth).
 19634 | Lair:5   | 19634 ||| Stepping ~*~*~tactically~*~*~ (stealth).
 19652 | Lair:5   | 19652 ||| Stepping ~*~*~tactically~*~*~ (stealth).
 19656 | Lair:5   | 19656 ||| INVOKING Brothers in Arms.
 19657 | Lair:5   | 19657 ||| INVOKING Berserk.
 19703 | Lair:5   | 19703 ||| FLEEEEING.
 19704 | Lair:5   | 19704 ||| FLEEEEING.
 19705 | Lair:5   | 19705 ||| FLEEEEING.
 19744 | Lair:5   | 19744 ||| INVOKING Berserk.
 19752 | Lair:5   | Reached skill level 18 in Fighting
 20164 | Lair:5   | 20164 ||| PLANNING D
 20164 | Lair:5   | 20164 ||| DROPPING ring of ice.
 20165 | Lair:5   | 20165 ||| UPGRADING to ring "Uhenibeu" {Will++ Str+6
                  | Dex+2}.
 20167 | Lair:5   | 20167 ||| REMOVING ring of willpower.
 20168 | Lair:5   | 20168 ||| UPGRADING to ring of positive energy.
 20169 | Lair:5   | 20169 ||| UPGRADING to ring of protection from cold.
 20317 | D:12     | 20317 ||| Stepping ~*~*~tactically~*~*~ (hiding).
 20318 | D:12     | 20318 ||| Stepping ~*~*~tactically~*~*~ (hiding).
 20433 | D:12     | 20433 ||| Stepping ~*~*~tactically~*~*~ (stealth).
 20436 | D:12     | 20436 ||| Stepping ~*~*~tactically~*~*~ (stealth).
 20440 | D:12     | 20440 ||| INVOKING Berserk.
 20458 | D:12     | 20458 ||| INVOKING Brothers in Arms.
 20570 | D:12     | 20570 ||| Stepping ~*~*~tactically~*~*~ (hiding).
 20634 | D:12     | 20634 ||| Stepping ~*~*~tactically~*~*~ (hiding).
 20636 | D:12     | 20636 ||| Stepping ~*~*~tactically~*~*~ (hiding).
 20640 | D:12     | 20640 ||| INVOKING Berserk.
 20753 | D:12     | Reached skill level 9 in Dodging
 20757 | D:12     | 20757 ||| INVOKING Berserk.
 21021 | D:12     | 21021 ||| INVOKING Berserk.
 21184 | D:12     | 21184 ||| SWAPPING to +0 broad axe.
 21195 | D:12     | 21195 ||| Stepping ~*~*~tactically~*~*~ (hiding).
 21199 | D:12     | 21199 ||| INVOKING Berserk.
 21204 | D:12     | Reached XP level 15. HP: 149/149 MP: 14/14
 21326 | D:12     | 21326 ||| Stepping ~*~*~tactically~*~*~ (stealth).
 21328 | D:12     | 21328 ||| Stepping ~*~*~tactically~*~*~ (stealth).
 21332 | D:12     | 21332 ||| Stepping ~*~*~tactically~*~*~ (stealth).
 21659 | D:12     | 21659 ||| Stepping ~*~*~tactically~*~*~ (hiding).
 22080 | D:13     | 22080 ||| SWAPPING to +5 war axe of flaming.
 22087 | D:13     | 22087 ||| SWAPPING to +0 broad axe.
 22724 | D:13     | 22724 ||| UPGRADING to ring of see invisible.
 22774 | D:14     | 22774 ||| INVOKING Trog's Hand.
 22803 | D:14     | 22803 ||| READING scroll of enchant weapon.
 22803 | D:14     | 22803 ||| ENCHANTING +0 broad axe.
 22831 | D:14     | 22831 ||| INVOKING Berserk.
 23014 | D:14     | 23014 ||| INVOKING Berserk.
 23192 | D:14     | 23192 ||| INVOKING Trog's Hand.
 23220 | D:14     | Found a gate to the Vaults.
 23233 | D:14     | Reached skill level 18 in Axes
 23236 | D:14     | Reached skill level 9 in Throwing
 23393 | D:14     | Identified a scroll of acquirement
 23402 | D:14     | 23402 ||| READING scroll of acquirement.
 23402 | D:14     | 23402 ||| ACQUIRING ring "Vecvibim" {rF+ Int+5}
 23402 | D:14     | Acquired the ring "Vecvibim" {rF+ Int+5}
 23404 | D:14     | 23404 ||| UPGRADING to ring "Vecvibim" {rF+ Int+5}.
 23410 | D:14     | 23410 ||| Stepping ~*~*~tactically~*~*~ (hiding).
 23474 | D:14     | 23474 ||| READING scroll of enchant weapon.
 23474 | D:14     | 23474 ||| ENCHANTING +1 broad axe.
 23536 | D:14     | 23536 ||| FLEEEEING.
 23537 | D:14     | 23537 ||| FLEEEEING.
 23538 | D:14     | 23538 ||| FLEEEEING.
 23539 | D:14     | 23539 ||| FLEEEEING.
 23540 | D:14     | 23540 ||| FLEEEEING.
 23541 | D:14     | 23541 ||| FLEEEEING.
 23542 | D:14     | 23542 ||| INVOKING Trog's Hand.
 23543 | D:14     | 23543 ||| INVOKING Berserk.
 23679 | D:14     | Found the +18 shield of the Gong {rElec rN+ Will+ EV-5}
 23694 | D:14     | 23694 ||| READING scroll of enchant weapon.
 23694 | D:14     | 23694 ||| ENCHANTING +2 broad axe.
 23839 | D:14     | 23839 ||| Stepping ~*~*~tactically~*~*~ (hiding).
 23840 | D:14     | 23840 ||| Stepping ~*~*~tactically~*~*~ (hiding).
 23944 | D:14     | 23944 ||| UPGRADING to +0 kite shield.
 23954 | D:14     | 23954 ||| DROPPING +1 buckler of reflection.
 23955 | D:14     | 23955 ||| UPGRADING to +18 shield of the Gong {rElec rN+
                  | Will+ EV-5}.
 23965 | D:14     | 23965 ||| DROPPING +0 kite shield.
 24012 | D:15     | Entered Level 15 of the Dungeon
 24050 | D:15     | 24050 ||| INVOKING Berserk.
 24069 | D:15     | 24069 ||| INVOKING Brothers in Arms.
 24070 | D:15     | 24070 ||| INVOKING Brothers in Arms.
 24071 | D:15     | 24071 ||| INVOKING Brothers in Arms.
 24072 | D:15     | 24072 ||| INVOKING Brothers in Arms.
 24072 | D:15     | HP: 36/151 [death knight/+0 broad axe (14)]
 24073 | D:15     | 24073 ||| READING 5 scrolls of teleportation.
 24074 | D:15     | 24074 ||| DRINKING 6 potions of heal wounds.
 24075 | D:15     | 24075 ||| DRINKING 5 potions of heal wounds.
 24075 | D:15     | HP: 9/151 [culicivora (shapeshifter) (18)]
 24076 | D:15     | 24076 ||| DRINKING 4 potions of heal wounds.
 24112 | D:15     | 24112 ||| FLEEEEING.
 24113 | D:15     | 24113 ||| STAIRDANCE
 24187 | D:15     | 24187 ||| INVOKING Trog's Hand.
 24188 | D:15     | 24188 ||| INVOKING Berserk.
 24191 | D:15     | Received a gift from Trog
 24200 | D:15     | Reached skill level 12 in Shields
 24203 | D:15     | 24203 ||| INVOKING Brothers in Arms.
 24204 | D:15     | 24204 ||| INVOKING Brothers in Arms.
 24225 | D:15     | 24225 ||| FLEEEEING.
 24226 | D:15     | 24226 ||| FLEEEEING.
 24227 | D:15     | 24227 ||| FLEEEEING.
 24228 | D:15     | 24228 ||| FLEEEEING.
 24229 | D:15     | 24229 ||| FLEEEEING.
 24230 | D:15     | 24230 ||| FLEEEEING.
 24231 | D:15     | 24231 ||| FLEEEEING.
 24232 | D:15     | 24232 ||| FLEEEEING.
 24233 | D:15     | 24233 ||| FLEEEEING.
 24336 | D:15     | 24336 ||| Stepping ~*~*~tactically~*~*~ (stealth).
 24337 | D:15     | 24337 ||| INVOKING Trog's Hand.
 24364 | D:15     | 24364 ||| Stepping ~*~*~tactically~*~*~ (stealth).
 24372 | D:15     | 24372 ||| INVOKING Trog's Hand.
 24374 | D:15     | 24374 ||| INVOKING Berserk.
 24489 | D:15     | Found a staircase to the Depths.
 24568 | D:15     | Identified the +5 falchion of Income {holy, rF- rN+ Int+2
                  | Stlth+}
 24735 | D:15     | 24735 ||| PLANNING ORC
 24865 | Orc:1    | Entered Level 1 of the Orcish Mines
 24895 | Orc:1    | 24895 ||| Stepping ~*~*~tactically~*~*~ (hiding).
 24936 | Orc:1    | 24936 ||| Stepping ~*~*~tactically~*~*~ (hiding).
 24952 | Orc:1    | 24952 ||| Stepping ~*~*~tactically~*~*~ (hiding).
 25172 | Orc:1    | Found a bloodstained altar of Trog.
 25369 | Orc:2    | Entered Level 2 of the Orcish Mines
 25377 | Orc:2    | 25377 ||| INVOKING Berserk.
 25415 | Orc:2    | 25415 ||| FLEEEEING.
 25416 | Orc:2    | 25416 ||| FLEEEEING.
 25417 | Orc:2    | 25417 ||| STAIRDANCE
 25521 | Orc:2    | 25521 ||| STAIRDANCE
 25589 | Orc:2    | 25589 ||| STAIRDANCE
 25597 | Orc:2    | 25597 ||| STAIRDANCE
 25642 | Orc:2    | Reached XP level 16. HP: 159/159 MP: 15/15
 25652 | Orc:2    | 25652 ||| Stepping ~*~*~tactically~*~*~ (stealth).
 25653 | Orc:2    | 25653 ||| Stepping ~*~*~tactically~*~*~ (stealth).
 25657 | Orc:2    | 25657 ||| Stepping ~*~*~tactically~*~*~ (stealth).
 25677 | Orc:2    | 25677 ||| Stepping ~*~*~tactically~*~*~ (stealth).
 25678 | Orc:2    | 25678 ||| Stepping ~*~*~tactically~*~*~ (stealth).
 25679 | Orc:2    | 25679 ||| Stepping ~*~*~tactically~*~*~ (stealth).
 25680 | Orc:2    | 25680 ||| Stepping ~*~*~tactically~*~*~ (stealth).
 25734 | Orc:2    | Reached skill level 15 in Shields
 25738 | Orc:2    | 25738 ||| Stepping ~*~*~tactically~*~*~ (stealth).
 25749 | Orc:2    | 25749 ||| INVOKING Trog's Hand.
 25751 | Orc:2    | 25751 ||| INVOKING Berserk.
 25762 | Orc:2    | 25762 ||| Stepping ~*~*~tactically~*~*~ (hiding).
 25763 | Orc:2    | 25763 ||| Stepping ~*~*~tactically~*~*~ (hiding).
 25765 | Orc:2    | 25765 ||| INVOKING Brothers in Arms.
 25795 | Orc:2    | 25795 ||| INVOKING Trog's Hand.
 25798 | Orc:2    | 25798 ||| INVOKING Brothers in Arms.
 25799 | Orc:2    | 25799 ||| INVOKING Brothers in Arms.
 25800 | Orc:2    | 25800 ||| INVOKING Brothers in Arms.
 25801 | Orc:2    | 25801 ||| INVOKING Brothers in Arms.
 25893 | Orc:2    | Found a staircase to the Elven Halls.
 26021 | Orc:2    | Found Udoroon's Distillery.
 26021 | Orc:2    | Found Ytyog's Book Emporium.
 26021 | Orc:2    | Found Dulir's Magic Scroll Emporium.
 26021 | Orc:2    | Found Umaeseqask's Weapon Shop.
 26022 | Orc:2    | 26022 ||| Stepping ~*~*~tactically~*~*~ (stealth).
 26033 | Orc:2    | 26033 ||| BUYING potion of curing (42 gold).
 26033 | Orc:2    | Bought a potion of curing for 42 gold pieces
 26033 | Orc:2    | 26033 ||| BUYING potion of heal wounds (70 gold).
 26033 | Orc:2    | Bought a potion of heal wounds for 70 gold pieces
 26033 | Orc:2    | 26033 ||| BUYING potion of might (56 gold).
 26033 | Orc:2    | Bought a potion of might for 56 gold pieces
 26036 | Orc:2    | 26036 ||| BUYING scroll of brand weapon (123 gold).
 26036 | Orc:2    | Bought a scroll of brand weapon for 123 gold pieces
 26036 | Orc:2    | 26036 ||| BUYING scroll of enchant armour (97 gold).
 26036 | Orc:2    | Bought a scroll of enchant armour for 97 gold pieces
 26036 | Orc:2    | 26036 ||| READING scroll of brand weapon.
 26036 | Orc:2    | 26036 ||| BRANDING +3 broad axe.
 26037 | Orc:2    | 26037 ||| DROPPING +5 war axe of flaming.
 26038 | Orc:2    | 26038 ||| READING scroll of enchant armour.
 26038 | Orc:2    | 26038 ||| ENCHANTING +0 pair of boots.
 26191 | Orc:2    | 26191 ||| PLANNING SHOALS:1-3
 26332 | Shoals:1 | Entered Level 1 of the Shoals
 26337 | Shoals:1 | 26337 ||| Stepping ~*~*~tactically~*~*~ (stealth).
 26351 | Shoals:1 | Received a gift from Trog
 26356 | Shoals:1 | Noticed Mlioglotl
 26357 | Shoals:1 | 26357 ||| INVOKING Brothers in Arms.
 26360 | Shoals:1 | 26360 ||| INVOKING Trog's Hand.
 26361 | Shoals:1 | 26361 ||| INVOKING Berserk.
 26366 | Shoals:1 | Killed Mlioglotl
 26374 | Shoals:1 | Reached skill level 19 in Fighting
 26385 | Shoals:1 | 26385 ||| INVOKING Brothers in Arms.
 26392 | Shoals:1 | 26392 ||| Stepping ~*~*~tactically~*~*~ (water).
 26398 | Shoals:1 | HP: 37/160 [drowned by a water elemental[a merfolk
                  | aquamancer] (10)]
 26399 | Shoals:1 | 26399 ||| DRINKING 4 potions of heal wounds.
 26402 | Shoals:1 | 26402 ||| Stepping ~*~*~tactically~*~*~ (water).
 26402 | Shoals:1 | HP: 18/160 [sea snake (8)]
 26402 | Shoals:1 | HP: 7/160 [snapping turtle (11)]
 26403 | Shoals:1 | 26403 ||| READING 4 scrolls of teleportation.
 26404 | Shoals:1 | 26404 ||| DRINKING 3 potions of heal wounds.
 26531 | Shoals:1 | 26531 ||| INVOKING Trog's Hand.
 26540 | Shoals:1 | 26540 ||| Stepping ~*~*~tactically~*~*~ (water).
 26542 | Shoals:1 | 26542 ||| INVOKING Berserk.
 26632 | Shoals:1 | 26632 ||| INVOKING Berserk.
 26659 | Shoals:1 | HP: 35/160 [merfolk/+0 trident (9)]
 26660 | Shoals:1 | 26660 ||| READING 3 scrolls of teleportation.
 26660 | Shoals:1 | HP: 12/160 [merfolk impaler/+2 trident of venom (10)]
 26661 | Shoals:1 | 26661 ||| DRINKING 2 potions of heal wounds.
 26662 | Shoals:1 | 26662 ||| DRINKING potion of heal wounds.
 26663 | Shoals:1 | 26663 ||| READING 2 scrolls of teleportation.
 26665 | Shoals:1 | HP: 18/160 [poisoned by a merfolk impaler]
 26816 | Shoals:1 | 26816 ||| INVOKING Berserk.
 26865 | Shoals:1 | 26865 ||| Stepping ~*~*~tactically~*~*~ (stealth).
 27101 | Shoals:1 | 27101 ||| READING scroll of enchant armour.
 27101 | Shoals:1 | 27101 ||| ENCHANTING +1 pair of boots.
 27264 | Shoals:1 | 27264 ||| Stepping ~*~*~tactically~*~*~ (stealth).
 27342 | Shoals:1 | 27342 ||| Stepping ~*~*~tactically~*~*~ (water).
 27372 | Shoals:1 | 27372 ||| INVOKING Berserk.
 27561 | Shoals:1 | 27561 ||| READING 18 scrolls of identify.
 27561 | Shoals:1 | 27561 ||| IDENTIFYING metallic grey potion
 27640 | Shoals:2 | 27640 ||| Stepping ~*~*~tactically~*~*~ (water).
 27645 | Shoals:2 | 27645 ||| INVOKING Berserk.
 27657 | Shoals:2 | HP: 41/240 [alligator snapping turtle (20)]
 27664 | Shoals:2 | HP: 27/240 [merfolk javelineer/silver javelin (9)]
 27667 | Shoals:2 | HP: 6/160 [merfolk impaler/+2 demon trident of draining
                  | (4)]
 27668 | Shoals:2 | 27668 ||| READING scroll of teleportation.
 27668 | Shoals:2 | Hit by a silver javelin thrown by a merfolk javelineer

Levels and vault maps discovered:
D:1:      minmay_arrival_radiant_lines, layout_basic,
          ebering_ecumenical_altar_webs
D:2:      layout_basic, uniq_natasha, uniq_terence
D:3:      layout_loops_ring, nzn_wu_jian_contemplation, uniq_jessica
D:4:      layout_loops_ring, mainiacjoe_overflow_24_doors
D:5:      layout_rooms, minitemple
D:6:      corexii_shantytown, layout_loops_cross,
          nicolae_overflow_crystal_walls, temple_fountains
D:7:      gammafunk_corrupted_shrine, layout_cave_pods,
          mainiacjoe_overflow_alcove_2, minivault_25, dk_rats_in_the_wall,
          uniq_maggie
D:8:      layout_cave_pools
D:9:      layout_basic, zin_treasury
D:10:     layout_small_grid, uniq_erica, uniq_maurice, uniq_urug, uniq_snorg,
          uniq_josephine, uniq_harold
D:11:     minmay_the_grid_octo_tiled_octocenter [minmay_the_grid_octo_checkered,
          minmay_the_grid_octo_77, minmay_the_grid_octo_shrine,
          minmay_the_grid_octo_focus, minmay_the_grid_octo_prize_big_c,
          minmay_the_grid_square_5x5_three,
          minmay_the_grid_square_5x5_trominoes,
          minmay_the_grid_square_5x5_three_small,
          minmay_the_grid_square_5x5_one_wall], layout_basic, lair_entry_dummy,
          erik_orc_1, serial_glass, glass_columns_a, glass_columns_b,
          portal_ice_cave_entry_imps
D:12:     layout_grid_maze, roderic_lattice_a
D:13:     layout_stronghold, serial_rivers, chequers_serial_rivers_room_a,
          chequers_serial_rivers_micro_b, chequers_serial_rivers_micro_c,
          chequers_serial_rivers_micro_b
D:14:     layout_roguey, grunt_vaults_entry_tiered,
          chequers_serial_rivers_small_a, hangedman_decor_slide_cut,
          hellmonk_guarded_unrand_gong
D:15:     grunt_enter_depths_magical_seal, layout_cave_pools, st_stairs_6,
          chequers_mini_garden
Lair:1:   layout_regular_city, uniq_fannar
Lair:2:   layout_big_grid, elwin_shoals_entry_rooms,
          minmay_snake_entry_guardpost_small, serial_bayou_crossing,
          uniq_gastronok
Lair:3:   layout_chaotic_city, uniq_rupert
Lair:4:   layout_roguey, dpeg_slime_entry_enclosed,
          grunt_forest_small_clearings, lemuel_fruit_fields,
          infiniplex_staircase_pool_2, uniq_nessos
Lair:5:   due_jungle_book, layout_small_grid, gauntlet_entry_generic,
          gammafunk_ghost_hydra_chop, infiniplex_staircase_pool
Shoals:1: cheibrodos_shoals_three_sisters, layout_shoals,
          nicolae_shoals_water_booths, uniq_mlioglotl
Shoals:2: layout_shoals
Orc:1:    layout_diamond_mine, basic_altar, hellmonk_bongcloud_opening
Orc:2:    st_orc_ogre_mass, layout_diamond_mine, basic_altar

Skill      XL: |  1  2  3  4  5  6  7  8  9 10 11 12 13 14 15 16 |
---------------+-------------------------------------------------+-----
Axes           | 4 5 6 7 8 10 12 14 16 18 | 18.0
Throwing       | 2 4 6 7 8 9 |  9.0
Fighting       | 4 5 6 8 9 11 13 15 18 19 | 19.3
Armour         | 3 5 7 8 10 12 13 14 | 14.0
Dodging        | 3 4 6 9 10 | 10.0
Shields        | 7 9 10 11 14 17 | 17.0

Action                   |  1- 3 |  4- 6 |  7- 9 | 10-12 | 13-15 | 16-18 || total
-------------------------+-------+-------+-------+-------+-------+-------++-------
Melee: Hand axe          |    13 |       |       |       |       |       ||    13
       War axe           |    31 |    67 |   249 |   379 |   470 |       ||  1196
       Headbutt          |     3 |     5 |    30 |    86 |   211 |    54 ||   389
       Punch             |       |       |     4 |     2 |       |       ||     6
       Broad axe         |       |       |       |       |   343 |   280 ||   623
Throw: Boomerang         |     2 |    33 |    54 |    20 |    21 |    33 ||   163
       Javelin           |       |       |       |    30 |   158 |     2 ||   190
Invok: Berserk           |     1 |     4 |    13 |    16 |    25 |     7 ||    66
       Brothers in Arms  |       |       |       |     1 |     8 |     4 ||    13
       Trog's Hand       |       |       |       |       |     7 |     4 ||    11
  Use: Scroll            |     5 |     7 |    12 |     2 |     9 |     8 ||    43
       Potion            |     1 |     1 |     4 |     1 |     3 |     4 ||    14
 Stab: Distracted        |       |       |       |     1 |     1 |     1 ||     3
Armor: Animal skin       |     7 |       |       |       |       |       ||     7
       Ring mail         |     1 |     5 |       |       |       |       ||     6
       Chain mail        |       |    19 |    44 |       |   250 |    63 ||   376
       Plate armour      |       |       |   110 |   177 |    40 |       ||   327
Dodge: Dodged            |    29 |    30 |   105 |    77 |   184 |    54 ||   479
Block: Buckler           |       |       |       |    41 |   147 |       ||   188
       Reflection        |       |       |       |       |     6 |       ||     6
       Kite shield       |       |       |       |       |   210 |   403 ||   613

Table legend:
 A = Non-vault XP
 B = Vault XP
 C = Vault XP percentage of total XP
 D = Non-vault monster count
 E = Vault monster count
 F = Vault count percentage of total count
                 A         B        C        D         E       F
            +---------+---------+-------+---------+---------+-------
      Total |  111765 |   93133 |  45.5 |     509 |     267 |  34.4
            +---------+---------+-------+---------+---------+-------
        D:1 |      36 |       0 |   0.0 |      23 |       0 |   0.0
        D:2 |      84 |      71 |  45.8 |      18 |       2 |  10.0
        D:3 |     313 |      37 |  10.6 |      12 |       1 |   7.7
        D:4 |     446 |       0 |   0.0 |      18 |       0 |   0.0
        D:5 |     549 |       0 |   0.0 |      17 |       0 |   0.0
        D:6 |     823 |      97 |  10.5 |      13 |      22 |  62.9
        D:7 |     724 |     507 |  41.2 |      11 |      22 |  66.7
        D:8 |    1373 |       0 |   0.0 |      29 |       0 |   0.0
        D:9 |    2658 |       0 |   0.0 |      26 |       0 |   0.0
       D:10 |    3373 |    5830 |  63.3 |      22 |      11 |  33.3
       D:11 |    3873 |   14059 |  78.4 |      20 |      60 |  75.0
       D:12 |   13451 |       0 |   0.0 |      30 |       0 |   0.0
       D:13 |    2624 |       0 |   0.0 |       4 |       0 |   0.0
       D:14 |   14489 |    9402 |  39.4 |      31 |      28 |  47.5
       D:15 |    7090 |    5240 |  42.5 |      23 |      11 |  32.4
     Lair:1 |    2553 |     896 |  26.0 |       9 |       1 |  10.0
     Lair:2 |    4517 |    3111 |  40.8 |      14 |       8 |  36.4
     Lair:3 |    5344 |    1932 |  26.6 |      20 |       1 |   4.8
     Lair:4 |    9155 |     622 |   6.4 |      22 |       1 |   4.3
     Lair:5 |   14453 |   14542 |  50.2 |      33 |      32 |  49.2
   Shoals:1 |   13766 |   16284 |  54.2 |      29 |      21 |  42.0
   Shoals:2 |    4597 |       0 |   0.0 |      10 |       0 |   0.0
      Orc:1 |    1304 |    3447 |  72.6 |      30 |       5 |  14.3
      Orc:2 |    4170 |   17056 |  80.4 |      45 |      41 |  47.7
            +---------+---------+-------+---------+---------+-------
